 Dungeon Crawl Stone Soup version 0.28.0 (webtiles) character file.

Game seed: 9555967778094148855

3 Kranky the Carver (level 1, -2/17 HPs)
             Began as a Gnoll Wanderer on Feb 4, 2022.
             Slain by a hobgoblin (4 damage)
             ... on level 1 of the Dungeon.
             The game lasted 00:00:14 (67 turns).

Kranky the Carver (Gnoll Wanderer)                    Turns: 67, Time: 00:00:15

Health: -2/17      AC:  2    Str:  7    XL:     1   Next: 50%
Magic:  4/4        EV:  7    Int: 10    God:
Gold:   0          SH:  5    Dex: 16    Spells: 4/5 levels left

rFire   . . .      SeeInvis .   a - +2 falchion
rCold   . . .      Faith    .   b - +0 buckler
rNeg    . . .      Spirit   .   c - +0 robe
rPois   .          Reflect  .   (no helmet)
rElec   .          Harm     .   (no cloak)
rCorr   .          Rampage  .   (no gloves)
Will    .....                   (no boots)
Stlth   +.........              (no amulet)
HPRegen 0.05/turn               (no ring)
MPRegen 0.09/turn               (no ring)

@: constricted
A: fangs 1, strong nose, distributed training
a: no special abilities


You were on level 1 of the Dungeon.
You visited 1 branch of the dungeon, and saw 1 of its levels.

Inventory:

Hand Weapons
 a - a +2 falchion (weapon)
Armour
 b - a +0 buckler (worn)
 c - a +0 robe (worn)
Scrolls
 d - a scroll of identify {unknown}


   Skills:
 + Level 2.3 Fighting
 + Level 0.0 Short Blades
 + Level 8.4 Long Blades
 + Level 0.0 Axes
 + Level 0.0 Maces & Flails
 + Level 0.0 Polearms
 + Level 0.0 Staves
 + Level 0.0 Slings
 + Level 0.0 Bows
 + Level 0.0 Crossbows
 + Level 0.0 Throwing
 + Level 4.4 Armour
 + Level 0.0 Dodging
 + Level 0.0 Stealth
 + Level 2.3 Shields
 + Level 0.0 Unarmed Combat
 + Level 2.6 Spellcasting
 + Level 0.0 Conjurations
 + Level 0.0 Hexes
 + Level 0.0 Summonings
 + Level 0.0 Necromancy
 + Level 0.0 Translocations
 + Level 0.0 Transmutations
 + Level 0.0 Fire Magic
 + Level 0.0 Ice Magic
 + Level 1.9 Air Magic
 + Level 0.0 Earth Magic
 + Level 0.0 Poison Magic
 + Level 0.1 Invocations
 + Level 0.0 Evocations


You had 4 spell levels left.
You knew the following spells:

 Your Spells              Type           Power      Damage    Failure   Level
a - Shock                 Conj/Air       12%        1d3       26%         1

Your spell library contained the following spells:

 Spells                   Type           Power      Damage    Failure   Level
 Swiftness                Air            5%         N/A       45%         3


Dungeon Overview and Level Annotations

Branches:
Dungeon (1/15)

Altars:


Innate Abilities, Weirdness & Mutations

You have very sharp teeth.
Your uncanny sense of smell can sniff out nearby items.
Your experience applies equally to all skills.


Message History

You are too injured to fight recklessly!
Unknown command.
You are too injured to fight recklessly!
You escape the ball python's grasp.
You block the endoplasm's attack.
The goblin splashes around in the water.
You are too injured to fight recklessly!
You are too injured to fight recklessly!
You are too injured to fight recklessly!
The endoplasm hits the plant.
The plant begins to die.
You block the ball python's attack. The ball python grabs you.
The ball python constricts you.
The goblin hits the plant with a +0 dagger.
You are too injured to fight recklessly!
You are too injured to fight recklessly!
You are too injured to fight recklessly!
You escape the ball python's grasp.
A nearby plant withers and dies.
A hobgoblin comes into view.
You slash the rat!
You kill the rat!
You hit the endoplasm.
The endoplasm is almost dead.
The hobgoblin shouts!
The endoplasm freezes you.
You are frozen.
* * * LOW HITPOINT WARNING * * *
You hit the endoplasm.
You kill the endoplasm!
You hit the ball python.
The ball python is severely wounded.
The ball python bites you.
* * * LOW HITPOINT WARNING * * *
The ball python grabs you. The ball python constricts you.
You hit the hobgoblin but do no damage. Your bite misses the hobgoblin.
The ball python bites you.
* * * LOW HITPOINT WARNING * * *
The ball python constricts you.
* * * LOW HITPOINT WARNING * * *
The hobgoblin hits you.
You die...

#...≈)≈.≈≈≈≈≈P.#
##...≈≈.≈≈.≈≈P..#
......P)....P....
..###.#........#
...##.g.#.#.###
..#. ##l........
.. ..
#..#.#.##### . .#
####l..........
.. #.@Sg[..######
#g#####.# #. #.#
.. #.# ##. #.#
#.#####.###
#.........#
####......##
#.......#


You could see a hobgoblin, a goblin, a ball python and a frilled lizard.

Vanquished Creatures
  An endoplasm (D:1)
  A goblin (D:1)
  A kobold (D:1)
  A rat (D:1)
4 creatures vanquished.

Vanquished Creatures (others)
  A plant (D:1)
1 creature vanquished.

Grand Total: 5 creatures vanquished

Notes
Turn   | Place    | Note
-------+----------+-------------------------------------------
     0 | D:1      | Kranky the Gnoll Wanderer began the quest for the Orb.
     0 | D:1      | Kranky set off with the following items: a +2 falchion, a
                  | +0 buckler, a +0 robe; and the following spell memorised:
                  | Shock; and the following spells available to memorise:
                  | Swiftness
     0 | D:1      | Reached XP level 1. HP: 17/17 MP: 4/4
    67 | D:1      | Slain by a hobgoblin

Illustrated notes

Levels and vault maps discovered:
D:1:      lemuel_arrival_rhombus, layout_loops_ring,
          ebering_ecumenical_altar_abandoned, serial_bayou_pond_b

Action                   || total
-------------------------++-------
Melee: Falchion          ||    13
       Bite              ||     1
Armor: Robe              ||     4
Dodge: Dodged            ||     5
Block: Buckler           ||     4
